 Dungeon Crawl Stone Soup version 0.21.0 (webtiles) character file.

208 tidbits the Sneak (level 5, 21/21 HPs)
             Began as a Felid Earth Elementalist on Jan 6, 2018.
             Quit the game on level 7 of the Dungeon.
             The game lasted 00:12:58 (1664 turns).

tidbits the Sneak (Felid Earth Elementalist)        Turns: 1664, Time: 00:13:00

Health: 21/21      AC:  2    Str:  6    XL:     5   Next: 55%
Magic:  9/9        EV: 18    Int: 17    God:
Gold:   153        SH:  0    Dex: 16    Spells: 5/8 levels left
                                        Lives:  0   Deaths: 1

rFire    . . .     SeeInvis +     - Unarmed
rCold    + . .     Gourm    .   (shield unavailable)
rNeg     . . .     Faith    .   (armour unavailable)
rPois    .         Spirit   .   (helmet unavailable)
rElec    .         Reflect  .   (cloak unavailable)
rCorr    .         Harm     +   (gloves unavailable)
MR       .....                  (boots unavailable)
Stlth    ++++......             l - amulet of harm
HPRegen  0.07/turn              a - ring of protection from cold
MPRegen  0.11/turn              n - ring of flight

@: quick
A: very small, no armour, no weapons or thrown items, stealth, claws 1, fangs 3,
see invisible, carnivore, speed 1, shaggy fur 2, slow metabolism 1, sharp paws
a: Evoke Flight


You were on level 7 of the Dungeon.
You were not hungry.

You visited 1 branch of the dungeon, and saw 8 of its levels.

You collected 153 gold pieces.

Inventory:

Missiles
 b - 35 stones
Jewellery
 a - a ring of protection from cold (left paw)
   (You found it on level 2 of the Dungeon)
 l - an amulet of harm (around neck)
   (You found it on level 1 of the Dungeon)
 n - a ring of flight (right paw)
   (You found it on level 4 of the Dungeon)
Scrolls
 f - 2 scrolls of immolation
 i - 2 scrolls of fear
 j - a scroll of enchant armour {unknown}
 o - a scroll of amnesia
 r - 3 scrolls of remove curse
Potions
 e - a potion of degeneration {unknown}
 g - a potion of curing {unknown}
 h - a potion of magic
 k - a potion of berserk rage
Books
 d - a book of Geomancy

   Spells                             Type                      Level
   a - Sandblast                      Earth                        1
   b - Passwall                       Transmutation/Earth          2
   c - Stone Arrow                    Conjuration/Earth            3
   d - Petrify                        Transmutation/Earth          4
   e - Lee's Rapid Deconstruction     Earth                        5
Comestibles
 c - 4 rations
 m - a chunk of flesh


   Skills:
 - Level 2.6 Dodging
 + Level 7.4 Stealth
 + Level 4.6 Unarmed Combat
 - Level 2.0 Spellcasting
 - Level 1.1 Transmutations
 - Level 2.6 Earth Magic


You had 5 spell levels left.
You knew the following spells:

 Your Spells              Type           Power        Failure   Level  Hunger
a - Sandblast             Erth           ##....       6%          1    #......
p - Passwall              Tmut/Erth      #.........   14%         2    ###....


Dungeon Overview and Level Annotations

Branches:
Dungeon (8/15)
 Temple: D:4-7         Lair: D:8-11

Altars:
Ru

Annotations:
D:4 exclusion: orc priest, Gobbopathe's ghost, novice VSTm
D:5 exclusion: orc priest
D:6 exclusions: orc priest and orc wizard
D:7 exclusion: killer bee


Innate Abilities, Weirdness & Mutations

You cannot wear armour.
You are incapable of wielding weapons or throwing items.
Your paws allow you to move quietly. (Stealth)
You have sharp claws.
You have razor-sharp teeth.
You have supernaturally acute eyesight. (SInv)
You are carnivorous and can eat meat at any time.
You cover ground quickly.
You are covered in thick fur. (AC +2)
You have a slow metabolism.
Your sharp claws are effective at attacking unaware monsters.


Message History

Press: ? - help, Shift-Dir - straight line, f/p - orc
Aim: an orc, wearing a chain mail The blast of sand hits the orc wizard.
You kill the orc wizard!
b - 37 stones
Casting: Sandblast
Confirm with . or Enter, or press ? or * to list all spells.
Aiming: Sandblast
Press: ? - help, Shift-Dir - straight line, f/p - orc
Aim: an orc, wearing a chain mail You miscast Sandblast.
You are very lightly contaminated with residual magic.
Nothing appears to happen.
The orc misses you.
Casting: Sandblast
Confirm with . or Enter, or press ? or * to list all spells.
Aiming: Sandblast
Press: ? - help, Shift-Dir - straight line, f/p - orc
Aim: an orc, wearing a chain mail The blast of sand hits the orc.
b - 36 stones The orc barely misses you.
Casting: Sandblast
Confirm with . or Enter, or press ? or * to list all spells.
You don't have enough magic to cast that spell.
You scratch the orc but do no damage. You bite the orc.
The orc is lightly wounded.
The orc closely misses you.
You scratch the orc. You bite the orc, but do no damage.
The orc is almost dead.
The orc barely misses you.
You barely miss the orc.
The orc is almost dead.
The orc misses you.
You scratch the orc but do no damage.
The orc is almost dead.
The orc hits you.
You claw the orc!
You kill the orc!
Press: ? - help, . - travel You can't see that place. [the floor.] Reduced exclusion size to a single square.
Removed exclusion.
Items here: ) [[ †† a chain mail; a dagger; a robe; an orc corpse x2
Butcher an orc corpse? [(y)es/(c)hoosy/(n)o/(a)ll/(e)dible/(q)uit/?]
You butcher the orc corpse. x2
m - a chunk of flesh;
m - 3 chunks of flesh (gained 2)
Items here: ) [[ ÷ a chain mail; a dagger; a robe; an orc skeleton Eat one of 3 chunks of flesh? (ye/n/q)
You eat one of the 3 chunks of flesh.
This raw flesh tastes great.
Items here: ) [[ ÷ a chain mail; a dagger; a robe; an orc skeleton Eat one of 2 chunks of flesh? (ye/n/q)
You eat one of the 2 chunks of flesh.
This raw flesh tastes great.
Casting: Sandblast
Confirm with . or Enter, or press ? or * to list all spells.
Which direction?
You begin to meditate on the wall.
You continue meditating on the rock.
Your magical contamination has completely faded away.
You continue meditating on the rock.
You finish merging with the rock.
You see here a ring mail.
There is a stone staircase leading up here.
You climb upwards.
Level annotation: exclusions: orc priest and orc wizard An orc comes into view.
There is a stone staircase leading down here.
Unknown command.
An orc wizard comes into view. It is wielding a dagger.
The orc wizard shouts!
The orc priest shouts!
The orc priest mumbles some strange prayers to Beogh against you.
Beogh smites you!
Ouch! That really hurt!
* * * LOW HITPOINT WARNING * * *
There is a stone staircase leading down here.
You climb downwards.
Level annotation: exclusion: killer bee
There is a stone staircase leading up here.
Casting: Passwall
Confirm with . or Enter, or press ? or * to list all spells.
Aiming: Sandblast
Press: ? - help, Shift-Dir - straight line, f - orc wizard
Aim: an orc wizard, wielding a dagger of electrocution and wearing a robe (hasn't noticed you)
The blast of sand hits the orc wizard.
The orc wizard shouts!
b - 35 stones The orc wizard gestures at you while chanting.
The magic dart hits you!
You die...
You are now level 5!
You rejoin the land of the living...
Unknown command.
A killer bee comes into view.
The killer bee buzzes angrily.
You hear an angry buzzing noise. x2
You hear a shout!
You hear an angry buzzing noise.
A killer bee comes into view.
A killer bee comes into view.
Are you sure you want to abandon this character and quit the game? (Confirm with "yes".)

##.# ###.####..y.
#.# #.........#
#.## #.......y##
#..### #.......y#
##...###.....y.##
###..######.y.#
##.[........#
#..######.######...
##......#.y@.......
###
##........######.#.
..# #..#####..#
..####..# ####
.......###
.........#
..#.####..... ..#<#
##### ###.#


You could see a killer bee.

Vanquished Creatures
  An ogre (D:5)
  2 crimson imps
  An orc priest (D:7)
  An orc wizard (D:7)
  Crazy Yiuf (D:3)
  A centaur skeleton (D:7)
  6 adders
  2 oozes
  5 worms
  2 leopard geckos
  5 orcs
  3 bats
  4 giant cockroaches
  6 goblins
  A hobgoblin (D:1)
  5 jackals
  5 kobolds
  A quokka (D:3)
  3 frilled lizards
  4 rats
59 creatures vanquished.

Notes
Turn   | Place    | Note
-------+----------+-------------------------------------------
     0 | D:1      | tidbits the Felid Earth Elementalist began the quest for the Orb.
     0 | D:1      | Reached XP level 1. HP: 7/7 MP: 4/4
    17 | D:2      | Reached skill level 3 in Stealth
    17 | D:2      | Reached skill level 1 in Unarmed Combat
    17 | D:2      | Reached XP level 2. HP: 11/11 MP: 3/6
    30 | D:2      | Learned a level 2 spell: Passwall
   110 | D:2      | Reached skill level 4 in Stealth
   147 | D:2      | Reached XP level 3. HP: 8/14 MP: 0/7
   217 | D:2      | Reached skill level 2 in Unarmed Combat
   744 | D:3      | Reached XP level 4. HP: 18/18 MP: 2/8
   766 | D:3      | Noticed an ogre
   813 | D:3      | Reached skill level 5 in Stealth
   846 | D:3      | Found a runed door.
   850 | D:3      | Noticed Crazy Yiuf
   860 | D:3      | Killed Crazy Yiuf
   860 | D:3      | Reached skill level 3 in Unarmed Combat
   939 | D:3      | HP: 1/18 [orc (4)]
  1021 | D:4      | Noticed Gobbopathe's ghost (novice VSTm)
  1101 | D:5      | Entered Level 5 of the Dungeon
  1125 | D:5      | Reached XP level 5. HP: 14/21 MP: 6/9
  1232 | D:5      | Reached skill level 6 in Stealth
  1279 | D:4      | Noticed a phantom
  1332 | D:5      | Noticed an ogre
  1335 | D:5      | Killed an ogre
  1335 | D:5      | Reached skill level 4 in Unarmed Combat
  1335 | D:5      | Gained mutation: You are covered in thick fur. (AC +2) [Felid growth]
  1335 | D:5      | Reached XP level 6. HP: 18/24 MP: 10/10
  1423 | D:6      | Found a sacrificial altar of Ru.
  1496 | D:7      | Reached skill level 7 in Stealth
  1643 | D:7      | Killed from afar by an orc wizard
  1644 | D:7      | Reached XP level 5. HP: 0/21 MP: 0/9
  1664 | D:7      | Quit the game

Skill      XL: |  1  2  3  4  5  6 |
---------------+-------------------+-----
Stealth        | 3 4 5 6 7 |  7.4
Unarmed Combat | 1 2 3 4 |  4.6
Dodging        | |  2.6
Spellcasting   | |  2.0
Transmutations | |  1.1
Earth Magic    | |  2.6

Action                   |  1- 3 |  4- 6 || total
-------------------------+-------+-------++-------
Melee: Unarmed           |    23 |    24 ||    47
       Bite              |     1 |     2 ||     3
 Cast: Sandblast         |    38 |    39 ||    77
       Passwall          |     3 |     8 ||    11
  Use: Scroll            |       |     8 ||     8
 Stab: Sleeping          |     7 |    11 ||    18
       Distracted        |       |     1 ||     1
  Eat: Chunk             |     3 |     8 ||    11
Armor: Skin              |     1 |     1 ||     2
Dodge: Dodged            |    16 |    20 ||    36

Table legend:
 A = Turns spent in this place as a percentage of turns spent in the entire game.
 B = Non-inter-level travel turns spent in this place as a percentage of non-inter-level travel turns spent in the entire game.
 C = Inter-level travel turns spent in this place as a percentage of turns spent in this place.
 D = Turns resting spent in this place as a percentage of non-inter-level travel turns spent in this place.
 E = Turns spent auto-exploring this place as a percentage of non-inter-level travel turns spent in this place.
 F = Non-inter-level travel turns spent in this place divided by the number of levels of this place that you've seen.
                   A       B       C       D       E      F
               +-------+-------+-------+-------+-------+----------------------
         Total | 100.0 | 100.0 |   0.0 |   0.0 |   0.0 | 208.0
       Dungeon | 100.0 | 100.0 |   0.0 |   0.0 |   0.0 | 208.0
               +-------+-------+-------+-------+-------+----------------------

Table legend:
 A = Kills in this place as a percentage of kills in entire the game.
 B = Kills by you in this place as a percentage of kills by you in the entire game.
 C = Kills by friends in this place as a percentage of kills by friends in the entire game.
 D = Other kills in this place as a percentage of other kills in the entire game.
 E = Experience gained in this place as a percentage of experience gained in the entire game.
 F = Experience gained in this place divided by the number of levels of this place that you have seen.
                   A       B       C       D       E      F
               +-------+-------+-------+-------+-------+----------------------
         Total | 100.0 | 100.0 |   N/A |   N/A | 100.0 |  72.0
       Dungeon | 100.0 | 100.0 |   N/A |   N/A | 100.0 |  72.0
               +-------+-------+-------+-------+-------+----------------------

Vault maps used:
D:1:      lemuel_arrival_cross, columned_hall_lemuel
D:2:      first_ration, kennysheep_another_room
D:3:      chequers_ecumenical_altar_simple, uniq_crazy_yiuf_cottage
D:4:      cheibrodos_greedy_goblins, serial_shops, nicolae_shop_behind_doors
D:5:      minmay_temple_entry_hall, lemuel_flame_loot_1
D:6:      marbit_many_paths, grunt_gozag_statues
D:8:      nicolae_ossuary_entry_ruins, uniq_pikel
